AoeStats
← Morgan Wyrd

Arabia

510258175Analyzed
1v1 RM · 2d ago on Sep 30, 2026· 30m 20s· 2 players
Game mode
Random Map
Map size
Tiny (2 player)
Population
200
Speed
Normal
Resources
Standard
Victory
Conquest
Starting age
Dark Age
Ending age
Imperial Age
RankedLock teamsTeams togetherTeam positionsShared explorationLock speedFull tech treeHidden civsTurbo modeCheats
Victory
Defeat
🇨🇳 Danes · China
842
+16
🇺🇸 Magyars · United States
843
-16
AMD
9:03 Loom
11:25 Feudal Age
17:12 Castle Age
15:10 Stone Mining
15:33 Double-Bit Axe
17:33 Pikeman
20:45 Fletching
22:09 Gold Mining
27:02 Forging
27:30 Gold Shaft Mining
27:01 Bodkin Arrow
Morgan Wyrd
5:38 Loom
6:23 Loom
9:18 Feudal Age
10:17 Double-Bit Axe
21:39 Castle Age
19:47 Horse Collar
20:02 Fletching
22:20 Crossbowman
Connection lost

Rejoining the realm…

Still unreachable

The connection could not be restored.

Session expired

The server has moved on; the page needs a fresh start.